 Dungeon Crawl Stone Soup version 0.30-b1-2-g02819fbbbe (webtiles) character file.

Game seed: 17504657213859244146

270 LLlMATKO the Trooper (level 6, -13/84 HPs)
             Began as a Minotaur Berserker on June 5, 2023.
             Was a Priest of Trog.
             Mangled by Pikel
             ... wielding a +0 whip of electrocution
              (20 damage)
             ... on level 4 of the Dungeon.
             The game lasted 00:03:39 (3735 turns).

LLlMATKO the Trooper (Minotaur Berserker)           Turns: 3735, Time: 00:03:39

Health: -13/84     AC: 10    Str: 23    XL:     6   Next: 1%
Magic:  5/5        EV:  9    Int:  4    God:    Trog [***...]
Gold:   283        SH:  0    Dex: 10    Spells: 5/5 levels left

rFire   . . .        r - +0 war axe
rCold   . . .        (no shield)
rNeg    . . .        i - +0 chain mail
rPois   .            (helmet restricted)
rElec   .            u - scarf {+Inv}
rCorr   .            (no gloves)
SInv    .            l - +0 pair of boots
Will    .....        (no amulet) Stlth
                     (no ring)
HPRegen 0.34/turn    (no ring)
MPRegen 0.09/turn

%: no passive effects
@: berserking, very quick
A: horns 2, retaliatory headbutt
a: Renounce Religion, Evoke Invisibility, Berserk, Trog's Hand


You were on level 4 of the Dungeon.
You worshipped Trog.
Trog was most pleased with you.
You visited 1 branch of the dungeon, and saw 4 of its levels.

You collected 283 gold pieces.

Inventory:

Hand Weapons
 r - a +0 war axe (weapon)
Missiles
 e - 4 boomerangs (quivered)
Armour
 i - a +0 chain mail (worn)
 l - a +0 pair of boots (worn)
 u - a scarf of invisibility (worn)
Wands
 o - a wand of flame (19)
Scrolls
 a - a scroll of enchant armour {unknown}
 b - 3 scrolls of identify {unknown}
 c - 2 scrolls of enchant weapon {unknown}
 f - 3 scrolls of vulnerability {unknown}
 j - 2 scrolls of immolation {unknown}
 m - a scroll of blinking {unknown}
 q - 2 scrolls of acquirement {unknown}
 t - a scroll of amnesia {unknown}
Potions
 d - a potion of degeneration {unknown}
 g - a potion of heal wounds {unknown}
 h - a potion of invisibility {unknown}
 k - 3 potions of curing {unknown}
 n - a potion of might {unknown}
 p - a potion of lignification {unknown}
 s - 2 potions of magic {unknown}


   Skills:
 + Level 5.1 Fighting
 + Level 5.1 Axes
 + Level 4.3 Armour
 + Level 3.9 Dodging


You had 5 spell levels left.
You didn't know any spells.
Your spell library was empty.

Dungeon Overview and Level Annotations

Branches:
Dungeon (4/15)
 Temple: D:4-7

Altars:
Fedhas
Hepliaklqana
Xom
Yredelemnul
Zin

Shops:
D:4 !

Annotations:
D:4 Pikel


Innate Abilities, Weirdness & Mutations

You have a pair of horns on your head.
You reflexively headbutt those who attack you in melee.


Message History

You hit the lemure but do no damage.
Pikel hits you with a +0 whip of electrocution.
You are electrocuted!
The lemure hits you but does no damage.
You are too injured to fight recklessly!
You are too injured to fight recklessly!
You are too injured to fight recklessly!
You are too injured to fight recklessly!
You are too injured to fight recklessly!
You are too injured to fight recklessly!
You are too injured to fight recklessly!
You are too injured to fight recklessly!
You are too injured to fight recklessly!
You are too injured to fight recklessly!
Unknown command.
A red film seems to cover your vision as you go berserk!
You feel yourself moving faster!
You feel mighty!
Pikel hits you with a +0 whip of electrocution!
* * * LOW HITPOINT WARNING * * *
The lemure barely misses you.
You barely miss Pikel. Your headbutt misses Pikel.
Pikel is heavily wounded.
You closely miss the lemure.
Pikel hits you with a +0 whip of electrocution.
* * * LOW HITPOINT WARNING * * *
The lemure hits you but does no damage.
You closely miss Pikel. Your headbutt misses Pikel.
Pikel is heavily wounded.
You closely miss the lemure. Pikel barely misses you.
The lemure hits you but does no damage.
You closely miss Pikel.
Pikel is heavily wounded.
You closely miss the lemure.
Pikel hits you with a +0 whip of electrocution!
* * * LOW HITPOINT WARNING * * *
The lemure barely misses you. You furiously retaliate!
You headbutt the lemure! You slash Pikel! Your headbutt misses Pikel.
Pikel is severely wounded.
You barely miss the lemure. Pikel hits you but does no damage.
You are electrocuted!!
You die...

#################.# #.# #
#.................# #.# #
#.########################.#
#.# #....)...# #.# ###
######.######## #.# #...
#....#.## #.# #....
#.......# #.#
#.....##.......# #.#
#....5K@.......# #.#
###...5##......# ####.#
#..>5 #......# ...#.#
....... #......# ...#.#
###.... #......# ...#.#
###.. #......# ...#.# #..
###+#.## ...#.# #.! .#
.....#


You could see Pikel and 3 lemures.

Vanquished Creatures
  A lemure (D:4)
  A scorpion (D:4)
  2 orc priests
  Terence (D:3)
  A gnoll (D:1)
  4 adders
  2 dart slugs
  10 orcs
  12 endoplasms
  A giant cockroach (D:3)
  11 goblins
  3 hobgoblins
  4 jackals
  5 kobolds
  A quokka (D:4)
  3 ball pythons
  4 bats
  2 frilled lizards (D:3)
  3 rats
71 creatures vanquished.

Notes
Turn   | Place    | Note
-------+----------+-------------------------------------------
     0 | D:1      | LLlMATKO the Minotaur Berserker began the quest for the
                  | Orb.
     0 | D:1      | Reached XP level 1. HP: 19/19 MP: 0/0
   239 | D:1      | Reached XP level 2. HP: 7/27 MP: 1/1
   404 | D:1      | Found a faded altar of an unknown god.
   817 | D:1      | Reached XP level 3. HP: 31/33 MP: 2/2
  1833 | D:2      | Reached ** piety under Trog
  2224 | D:2      | You fall into a shaft and drop 1 floor!
  2228 | D:3      | Found a basalt altar of Yredelemnul.
  2232 | D:3      | Noticed Terence
  2243 | D:3      | Killed Terence
  2244 | D:3      | Reached XP level 4. HP: 41/41 MP: 3/3
  2502 | D:3      | Found a shimmering altar of Xom.
  2520 | D:3      | Reached XP level 5. HP: 47/47 MP: 4/4
  2932 | D:3      | Found a glowing silver altar of Zin.
  3128 | D:3      | Found a hazy altar of Hepliaklqana.
  3279 | D:4      | Reached skill level 5 in Fighting
  3279 | D:4      | Reached skill level 5 in Axes
  3391 | D:4      | Found Qaolasac's Distillery.
  3399 | D:4      | Reached *** piety under Trog
  3402 | D:4      | HP: 1/48 [orc priest/nerve-wracking pain (12)]
  3404 | D:4      | Reached XP level 6. HP: 2/56 MP: 5/5
  3696 | D:4      | Found a blossoming altar of Fedhas.
  3724 | D:4      | Noticed Pikel
  3735 | D:4      | Mangled by Pikel

Illustrated notes

Levels and vault maps discovered:
D:1:      dpeg_arrival_circle_labyrinth_b, layout_loops_ring,
          ebering_ecumenical_altar_abandoned, minmay_misc_feat_tower
D:2:      layout_loops_corners
D:3:      layout_loops_ring, mainiacjoe_overflow_cross_hatched,
          xom_confusion_cloud, general_overflow_altar,
          mainiacjoe_overflow_catwalk, uniq_terence
D:4:      layout_basic, mainiacjoe_overflow_alcove_1, kennysheep_little_box,
          serial_shops, shop, uniq_pikel

Skill      XL: |  1  2  3  4  5 |
---------------+----------------+-----
Fighting       | 4 5 |  5.1
Axes           | 4 5 |  5.1
Armour         | 3 4 |  4.3
Dodging        | 3 |  3.9

Action                     |  1- 3 |  4- 6 || total
---------------------------+-------+-------++-------
  Melee: Hand axe          |    77 |    53 ||   130
         Headbutt          |    13 |    11 ||    24
         Punch             |     1 |     1 ||     2
         War axe           |       |    42 ||    42
 Invoke: Berserk           |     1 |     2 ||     3
   Stab: Sleeping          |     2 |       ||     2
 Armour: Chain mail        |    20 |    50 ||    70
         Animal skin       |     1 |       ||     1
  Dodge: Dodged            |    31 |    35 ||    66
